Cogmind - Beta 13 @@@ ROGUE MODE // 2024.04.11 @ 01:26:57 Player: Flex Pexico Result: Destroyed by Autobeam Turret with Autobeam Performance ------------- Evolutions (0) 0 Regions Visited (3) 600 Robots Destroyed (25) 125 Value Destroyed (593) 593 Prototype IDs (2) 40 Alien Tech Used (0) 0 Bonus (150) 150 TOTAL SCORE: 1508 Bonus ------- High Alert Combat Kills 40 Follower Combat Kills 110 Cogmind --------- Core Integrity 0/250 Matter 280/300 Energy 158/160 System Corruption 3% Temperature Cool (12) Movement Rolling (110) Location -10/Subcaves Parts ------- > --- POWER (1) -------- Light Nuclear Core > --- PROPULSION (2) --- Subdweller Monowheel Subdweller Monowheel > --- UTILITY (2) ------ Large Storage Unit > --- WEAPON (2) ------- Improved Medium Laser > --- INVENTORY (15) --- Ion Engine Light Ion Engine Experimental Sensor Array Seismic Detector Improved Medium Laser Improved Light Cannon Bore Cannon Mining Laser Peak State ------------ > --- POWER ------------ Light Angular Momentum Engine > --- PROPULSION ------- Light Treads Light Treads > --- UTILITY ---------- Large Storage Unit Experimental Sensor Array > --- WEAPON ----------- Improved Medium Laser Improved Light Cannon > --- INVENTORY -------- Ion Engine Light Ion Engine Light Nuclear Core Armored Wheel Seismic Detector Light Armor Plating Light Armor Plating Improved Medium Laser Beamcaster Assault Rifle Improved Light Cannon Mining Laser [Rating: 24] Favorites ----------- Power Ion Engine Engine Ion Engine Power Core Light Nuclear Core Propulsion Light Treads Treads Light Treads Wheel Armored Wheel Utility Large Storage Unit Device Experimental Sensor Array Storage Large Storage Unit Protection Light Armor Plating Weapon Improved Medium Laser Energy Gun Improved Medium Laser Ballistic Gun Assault Rifle Ballistic Cannon Improved Light Cannon Build | -11 -10 -10 -10 ------- Run | Yrd Mat Min Sub Slots Evolved . | . . . . Power . | . . . . Propulsion . | . . . . Utility . | . . . . Weapon . | . . . . Parts Attached 31 | 6 15 2 8 Power 3 | 1 . 1 1 Engine 2 | 1 . 1 . Core 1 | . . . 1 Reactor . | . . . . Propulsion 10 | 2 5 . 3 Treads 3 | 1 2 . . Leg . | . . . . Wheel 7 | 1 3 . 3 Hover . | . . . . Flight . | . . . . Utility 7 | 1 3 1 2 Device 2 | . 1 1 . Storage 2 | 1 1 . . Processor . | . . . . Hackware . | . . . . Protection 3 | . 1 . 2 Artifact . | . . . . Weapon 11 | 2 7 . 2 Energy Gun 7 | 1 5 . 1 Energy Cannon . | . . . . Ballistic Gun 3 | 1 1 . 1 Ballistic Cannon 1 | . 1 . . Launcher . | . . . . Special Weapon . | . . . . Impact Weapon . | . . . . Slashing Weapon . | . . . . Piercing Weapon . | . . . . Special Melee Weapon . | . . . . Unidentified Prototypes 2 | . 1 1 . Parts Lost 9 | . . . 9 Power 1 | . . . 1 Propulsion 3 | . . . 3 Utility 2 | . . . 2 Weapon 3 | . . . 3 Highest Loss Streak 6 | . . . 6 To Critical Strikes . | . . . . Average Slot Usage (%) 94 | . 96 100 76 Engine 12 | . 14 14 . Core 1 | . . . 12 Treads 21 | . 20 28 7 Wheel 5 | . 7 . 12 Device 9 | . 7 14 6 Storage 14 | . 14 14 14 Protection 2 | . 5 . . Energy Gun 17 | . 20 14 14 Ballistic Gun 1 | . 1 . 5 Ballistic Cannon 7 | . 3 14 1 Naked Turns . | . . . . Heaviest Build 37 | 14 33 37 37 Greatest Support 40 | 10 40 40 40 Greatest Overweight (x) 9 | 3 4 . 9 Average Overweight (x) . | . . . 1 Largest Inventory Capacity 15 | 8 15 15 15 Average Capacity 12 | 7 9 15 15 Most Carried 13 | 3 8 13 13 Average Carried 8 | 1 6 11 9 Final Capacity 15 | 8 15 15 15 Final Carried 13 | 2 8 13 8 Class Distribution -------------------- 100% | Mutant Dominant Class ---------------- Mutant | -10/Materials Mutant | -10/Mines Mutant | -10/Subcaves Resources | -11 -10 -10 -10 ----------- Run | Yrd Mat Min Sub Matter Collected 648 | 197 261 94 96 Remotely . | . . . . Salvage Created 825 | . 488 191 146 Parts 58 | . 36 13 9 Haulers Intercepted 2 | . 2 . . Recyclers Shooed . | . . . . Parts Field Recycled . | . . . . Retrieved Matter . | . . . . Parts Self-Destructed 2 | . . . 2 Prevented . | . . . . Kills | -11 -10 -10 -10 ------- Run | Yrd Mat Min Sub Combat Hostiles Destroyed 15 | . 7 4 4 Guns 11 | . 6 1 4 Cannons 4 | . 1 3 . Classes Destroyed 10 | . 8 1 1 Worker 1 | . 1 . . Builder 2 | . 1 1 . Hauler 2 | . 2 . . Recycler 1 | . . 1 . Mechanic 1 | . 1 . . Operator 2 | . 2 . . Watcher 1 | . 1 . . Swarmer 3 | . 1 2 . Grunt 8 | . 6 2 . Subdweller 4 | . . . 4 Best Kill Streak 3 | . 3 2 2 Combat Bots Only 2 | . 2 2 2 Max Kills in Single Turn 2 | . 2 1 1 Gunslinging . | . . . . Exploded . | . . . . Melee . | . . . . Uniques/NPCs Destroyed . | . . . . Combat | -11 -10 -10 -10 -------- Run | Yrd Mat Min Sub Hostile Shots Fired 113 | . 29 32 52 Missed 28 | . 9 9 10 Damage Taken 1418 | . 213 186 1019 Core 254 | . 31 17 206 Absorbed by Shields . | . . . . Core Remaining (%) 100 | 100 . . . Volleys Fired 73 | . 36 14 23 Largest 2 | . 2 2 2 Hottest 131 | . 112 95 131 Shots Fired 141 | . 71 26 44 Gun 113 | . 65 12 36 Cannon 28 | . 6 14 8 Launcher . | . . . . Special . | . . . . Kinetic 41 | . 12 14 15 Thermal 100 | . 59 12 29 Explosive . | . . . . Electromagnetic . | . . . . Robot Hit Streak 25 | . 9 5 25 Robot Miss Streak 3 | . 3 3 2 Penetration Max . | . . . . Secondary Targets . | . . . . Shots Hit Robots 94 | . 45 12 37 Core Hits 33 | . 19 6 8 Critical Kills . | . . . . Critical Parts Destroyed . | . . . . Critical Strikes 6 | . 2 . 4 Burn 6 | . 2 . 4 Melee Attacks . | . . . . Impact . | . . . . Slashing . | . . . . Piercing . | . . . . Sneak Attacks . | . . . . Combat Hostiles . | . . . . Follow-up Attacks . | . . . . Damage Inflicted 1570 | . 769 254 547 Guns 1249 | . 686 102 461 Cannons 321 | . 83 152 86 Explosions . | . . . . Melee . | . . . . Ramming . | . . . . Kinetic 418 | . 132 152 134 Thermal 1152 | . 637 102 413 Explosive . | . . . . Electromagnetic . | . . . . Impact . | . . . . Slashing . | . . . . Piercing . | . . . . Highest Corruption 3 | . 3 3 3 Average Corruption 2 | . 2 3 3 Corruption Purged . | . . . . Corruption Blocked . | . . . . Effects 25 | . 9 12 4 Message Errors 7 | . 3 2 2 Matter Fused 7 | . 2 4 1 Heat Flow Errors 1 | . 1 . . Energy Discharges 3 | . 1 2 . Data Loss (minor) 1 | . . 1 . Data Loss (major) 1 | . 1 . . Misfires 2 | . 1 1 . Alerts 1 | . . . 1 Weapon Failures 2 | . . 2 . Overload Shots . | . . . . Overflow Damage 1 | . . 1 . Projectiles 1 | . . 1 . Explosions . | . . . . Melee . | . . . . Knockbacks 4 | . . 2 2 Impact . | . . . . Kinetic 4 | . . 2 2 Secondary . | . . . . Self-Inflicted Damage . | . . . . Shots . | . . . . Rammed . | . . . . Targets Rammed . | . . . . Kicked . | . . . . Crushed . | . . . . Highest Temperature 330 | . 330 229 156 Average Temperature 85 | . 86 84 84 Received Heat Transfer 369 | . 96 . 273 Siege Activations . | . . . . Robots Corrupted . | . . . . Combat Hostiles . | . . . . Parts Fried . | . . . . Impact Corruptions . | . . . . Robots Melted . | . . . . Combat Hostiles . | . . . . Parts Melted 4 | . 2 . 2 Heat Transferred 2960 | . 1591 222 1147 Parts Sabotaged . | . . . . Parts Stolen . | . . . . Parts Stripped . | . . . . Power Chain Reactions . | . . . . Alert | -11 -10 -10 -10 ------- Run | Yrd Mat Min Sub Peak Influence 726 | . 726 367 . Initial 234 | . . 234 . Average 281 | . 302 285 . Maximum Alert Level 3 | . 3 1 . Low Security (%) 38 | 100 57 5 . Level 1 39 | . 1 94 . Level 2 15 | . 28 . . Level 3 6 | . 12 . . Level 4 . | . . . . Level 5 . | . . . . High Security . | . . . . Max Security . | . . . . Squads Dispatched 3 | . 2 1 . Investigation . | . . . . Extermination . | . . . . Reinforcement 2 | . 2 . . Assault 1 | . . 1 . Garrison . | . . . . Intercept . | . . . . Searches Triggered . | . . . . Construction Impeded . | . . . . Haulers Reinforced . | . . . . Active Scanning Responses . | . . . . Cargo Convoy Interrupts . | . . . . Stealth | -11 -10 -10 -10 --------- Run | Yrd Mat Min Sub Distress Signals . | . . . . Communications Jammed . | . . . . Distress Signals . | . . . . Times Spotted 29 | . 18 7 4 Peak Tracking Total 4 | . 4 3 2 Tactical Retreats 2 | . 1 1 . Traps | -11 -10 -10 -10 ------- Run | Yrd Mat Min Sub Traps Triggered 7 | . 4 . 3 Indirectly . | . . . . Trap Hack Attempts . | . . . . Triggered . | . . . . Disarmed . | . . . . Reprogrammed . | . . . . Reused . | . . . . Traps Extracted . | . . . . Installed . | . . . . Triggered . | . . . . Machines | -11 -10 -10 -10 ---------- Run | Yrd Mat Min Sub Machines Disabled 1 | . 1 . . Max in Single Turn 1 | . 1 . . Machines Repaired . | . . . . Machines Dismantled . | . . . . Machines Sabotaged . | . . . . Overloaded Fab Kills . | . . . . Hacking | -11 -10 -10 -10 --------- Run | Yrd Mat Min Sub Machines Accessed 4 | . 4 . . Terminals 4 | . 4 . . Fabricators . | . . . . Repair Stations . | . . . . Recycling Units . | . . . . Scanalyzers . | . . . . Garrison Access . | . . . . Total Hacks 10 | . 10 . . Successful 5 | . 5 . . Failed 5 | . 5 . . Catastrophic 1 | . 1 . . Database Lockouts . | . . . . Manual 10 | . 10 . . Terminals 10 | . 10 . . Fabricators . | . . . . Repair Stations . | . . . . Recycling Units . | . . . . Scanalyzers . | . . . . Garrison Access . | . . . . Terminal Hacks 2 | . 2 . . Terminal Index 1 | . 1 . . Locate Traps 1 | . 1 . . Fabricator Hacks . | . . . . Repair Station Hacks . | . . . . Recycling Unit Hacks . | . . . . Scanalyzer . | . . . . Garrison Access Hacks . | . . . . Unauthorized Hacks 3 | . 3 . . Terminals 3 | . 3 . . Botnet 2 | . 2 . . Operators 1 | . 1 . . Fabricators . | . . . . Repair Stations . | . . . . Recycling Units . | . . . . Scanalyzers . | . . . . Garrison Access . | . . . . Data Cores Recovered . | . . . . Used . | . . . . Hacking Detections 3 | . 3 . . Full Trace Events . | . . . . Feedback Events . | . . . . Feedback Blocked . | . . . . Robot Schematics Acquired . | . . . . Robots Built . | . . . . Authchips . | . . . . Time . | . . . . Total Robot Build Rating . | . . . . Part Schematics Acquired . | . . . . Parts Built . | . . . . Authchips . | . . . . Time . | . . . . Total Part Build Rating . | . . . . Parts Repaired . | . . . . Time . | . . . . Parts Recycled . | . . . . Recycled Matter . | . . . . Retrieved Matter . | . . . . Retrieved Components . | . . . . Parts Scanalyzed . | . . . . Part Schematics Acquired . | . . . . Parts Damaged . | . . . . Bothacking | -11 -10 -10 -10 ------------ Run | Yrd Mat Min Sub Used RIF Installer . | . . . . Robots Hacked . | . . . . Non-combat . | . . . . Combat . | . . . . Robot Hacks Applied . | . . . . Relay Couplers Released . | . . . . Fabnet Peak Effective % . | . . . . Robots Rewired . | . . . . Allies Hacked . | . . . . Hacks Repelled . | . . . . Allies | -11 -10 -10 -10 -------- Run | Yrd Mat Min Sub Total Allies 1 | . . 1 . Largest Group 1 | . . 1 . Highest-Rated Group 31 | . . 31 . Highest-Rated Ally 31 | . . 31 . Total Orders . | . . . . Ally Attacks 12 | . . 12 . Total Damage 169 | . . 169 . Kills 4 | . . 4 . Allies Corrupted . | . . . . Allies Melted 1 | . . 1 . Intel | -11 -10 -10 -10 ------- Run | Yrd Mat Min Sub Robot Analysis Total . | . . . . Derelict Logs Recovered 2 | . . 2 . Drone Launches . | . . . . Drone Recoveries . | . . . . Exploration | -11 -10 -10 -10 ------------- Run | Yrd Mat Min Sub Turns Passed 1990 | 76 924 706 284 Spaces Moved 1183 | 73 579 395 136 Core 18 | 7 4 . 7 Treads 613 | . 209 395 9 Legs . | . . . . Wheels 552 | 66 366 . 120 Hover . | . . . . Flight . | . . . . Fastest Speed 50 | 50 80 160 110 Average Speed 135 | 88 123 160 140 Slowest Speed 500 | 200 250 160 500 Overloaded Moves . | . . . . Propulsion Burnouts . | . . . . Robots Hopped . | . . . . Cave-ins Triggered . | . . . . Exploration Rate (%) 47 | 4 85 86 13 Regions Visited 3 Branch Regions 2 Pre-discovered Areas 1 | . . 1 . Known Exits Taken . | . . . . Unknown Exits Taken 3 | 1 1 1 . Scrap Searched 1 | . . 1 . Spaces Dug . | . . . . Terrain Destroyed 3 | . . 3 . Melee . | . . . . Projectile 3 | . . 3 . AOE . | . . . . Terrain Rammed . | . . . . Walls Destroyed . | . . . . Machines Disabled . | . . . . Actions | -11 -10 -10 -10 --------- Run | Yrd Mat Min Sub Total 1419 | 82 715 442 180 Wait 106 | . 70 25 11 Move 1180 | 72 578 394 136 Hop . | . . . . Pick Up 24 | 4 12 6 2 Fast Attach 7 | 4 3 . . Attach 12 | 2 3 . 7 Detach . | . . . . Swap 12 | . 9 2 1 Drop 5 | . 4 1 . Fire 73 | . 36 14 23 Melee . | . . . . Ram . | . . . . Kick . | . . . . Crush . | . . . . Escape Stasis . | . . . . Rewire . | . . . . Trap . | . . . . Miscellaneous . | . . . . Route ------- -11/Scrapyard -10/Materials (discovered 4 exits: [*Mat x2] / [*Min x2]) -10/Mines -10/Subcaves (discovered 1 exit: [*Rec]) History --------- Turn | Location | Event 24 | -11/Scrapyard | Discovered new exit (range 15) 77 | -11/Scrapyard | Entered Materials 305 | -10/Materials | Build established: Mutant 523 | -10/Materials | Discovered new exit (range 3) 610 | -10/Materials | Discovered new exit (range 13) 673 | -10/Materials | Discovered new exit (range 16) 726 | -10/Materials | Discovered new exit (range 16) 1001 | -10/Materials | Entered Mines 1002 | -10/Mines | Met a Derelict testing a Signal Generator 1008 | -10/Mines | Found Signal Generator 1014 | -10/Mines | Met a Derelict bent on vengeance 1025 | -10/Mines | Learned Materials trap positions 1041 | -10/Mines | Found a damaged Exp. Sensor Array with a note attached 1044 | -10/Mines | Found Prototype Device 1045 | -10/Mines | Identified Exp. Sensor Array 1306 | -10/Mines | Learned location of Zion (-6) 1566 | -10/Mines | A weapon hastily lodged in a ceiling crevice suddenly fell to the ground 1695 | -10/Mines | Discovered new exit (range 9) 1707 | -10/Mines | Entered Subcaves 1709 | -10/Subcaves | Ambushed by Subdwellers from Twisted Machinery 1767 | -10/Subcaves | Lost 3 parts (1p1n1w) 1787 | -10/Subcaves | Core integrity fell below 50% 1850 | -10/Subcaves | Core integrity fell below 20% 1896 | -10/Subcaves | Lost 6 parts (2n2u2w) 1991 | -10/Subcaves | Discovered new exit (range 15) 1991 | -10/Subcaves | Destroyed by Autobeam Turret with Autobeam Last Messages --------------- PP-DKO(R) suffers critical hit (Burn). Lgt. Armor Plating destroyed. PP-DKO(R) heat spikes uncontrollably. PP-DKO(R) suffers critical hit (Burn). PP-DKO(R) overheating. PP-DKO(R) suffers critical hit (Burn). PP-DKO(R) overheating. Beamcaster destroyed. Subatomizers dissect the Sub. Power Source. PP-DKO(R) destroyed. Acquired 31 matter. Subatomizers dissect the Sub. Power Source, destroying it. Subatomizers dissect the Disposable Heat Sink. Acquired Sub. Monowheel. System corrupted: IFF burst signal emitted. Subatomizers dissect the Disposable Heat Sink. Acquired Sub. Monowheel. N90=KRY R&IADW#B6UIH=C/3|S1V&P EXIT=FOUND Map ----- +----------------------------------------------------+ | ?????????????????????????????????????????????????? | | ?????????????????????????????????????????????????? | | ?????????????????????????????????????????????????? | | ?????????????????????????????????????????????????? | | ?????????????????????????????????????????????????? | | ?????????????????????????????????????????????????? | | ?????????????????????????????????????????????????? | | ???????####??###?????????????????????????????????? | | ??????## ### #####?????????????????????????????? | | ??????# #?????????????????????????????? | | ??????# #????#?????????????????????????? | | ?????## ## ###????